 Dungeon Crawl Stone Soup version 0.19.5 (webtiles) character file.

3226 unrecovered the Fighter (level 9, -12/84 HPs)
             Began as a Ghoul Abyssal Knight on Apr 6, 2017.
             Was a High Priest of Lugonu.
             Mangled by an orc warrior
             ... wielding a +0 dire flail of holy wrath
              (20 damage)
             ... on level 8 of the Dungeon.
             The game lasted 00:24:14 (8723 turns).

unrecovered the Fighter (Ghoul Abyssal Knight)      Turns: 8723, Time: 00:24:15

Health: -12/84     AC: 11    Str: 19    XL:     9   Next: 98%
Magic:  14/14      EV: 12    Int:  7    God:    Lugonu [*****.]
Gold:   466        SH:  0    Dex: 13    Spells: 0 memorised, 8 levels left

rFire  + . .     SeeInvis .       - Unarmed
rCold  + . .     Gourm    .     r - +0 chain mail
rNeg   + + +     Faith    .     (no shield)
rPois  ∞         Spirit   .     p - +1 helmet
rElec  .         Reflect  .     (no cloak)
rCorr  .         Harm     .     (no gloves)
MR     .....                    f - +0 pair of boots
Stlth  ..........               (no amulet)
                                (no ring)
                                m - ring of protection from fire

@: agile, rotting
A: rotting body, claws 1, carnivore 3, cold resistance 1, negative energy
resistance 3, slow regeneration 1, torment resistance, unbreathing
a: Depart the Abyss, Bend Space, Banish, Corrupt, Enter the Abyss, Renounce
Religion


You were on level 8 of the Dungeon.
You worshipped Lugonu.
Lugonu was extremely pleased with you.
You were not hungry.

You visited 1 branch of the dungeon, and saw 8 of its levels.
You visited the Abyss 1 time.

You collected 544 gold pieces.
You spent 78 gold pieces at shops.

Inventory:

Missiles
 c - 9 curare-tipped needles
 s - 3 javelins (quivered)
Armour
 a - a +0 leather armour
 f - a +0 pair of boots (worn)
 p - a +1 helmet (worn)
 r - a +0 chain mail (worn)
Jewellery
 m - a ring of protection from fire (left claw)
Wands
 d - a wand of digging (7/24)
 e - a wand of lightning (9/15)
 u - a wand of teleportation (8/9)
 v - a wand of slowing (28/48)
 y - a wand of acid (12/15)
 B - a wand of digging (2/24)
 D - a wand of flame (16/48)
Scrolls
 l - 4 scrolls of enchant weapon
 q - 4 scrolls of remove curse
 A - a scroll of recharging
Potions
 g - 4 potions of brilliance
 k - 3 potions of magic
 n - 2 potions of agility
 o - a potion of haste {unknown}
 t - 2 potions of invisibility
 w - a potion of flight {unknown}
 x - a potion of cure mutation {unknown}
 z - a potion of curing {unknown}
Comestibles
 b - 3 meat rations
 h - a slice of pizza
 j - 2 beef jerkies


   Skills:
 + Level 9.4 Fighting
 - Level 2.0 Armour
 - Level 0.8 Dodging
 + Level 8.6 Unarmed Combat
 + Level 8.9 Invocations


You had 8 spell levels left.
You didn't know any spells.

Dungeon Overview and Level Annotations

Branches:
Dungeon (8/15)             Temple (0/1) D:6            Lair (0/6) D:8

Altars:
Elyvilon
Fedhas
Kikubaaqudgha
Makhleb
Qazlal
Xom
Yredelemnul

Shops:
D:5 *

Annotations:
D:3 exclusion: oklob plant
D:8 Maurice; Nanomashoes's ghost, novice FoFi


Innate Abilities, Weirdness & Mutations

Your body is rotting away.
You thrive on raw meat.
You are immune to poison.
You have sharp fingernails.
You are carnivorous and can eat meat at any time.
Your flesh is cold resistant. (rC+)
You are immune to negative energy. (rN+++)
You regenerate slowly when monsters are visible.
You are immune to unholy pain and torment.
You can survive without breathing.


Message History

The warg is heavily wounded.
The warg barely misses you.
Nanomashoes's ghost hits you but does no damage.
You completely miss the warg.
The warg is heavily wounded.
The warg bites you but does no damage. Nanomashoes's ghost hits you!
* * * LOW HITPOINT WARNING * * *
Okay, then.
As you read the scroll of teleportation, it crumbles to dust.
You feel strangely unstable. The warg bites you but does no damage.
Nanomashoes's ghost misses you. The warg barely misses you.
Your surroundings suddenly seem different.
An orc comes into view. It is wielding a flail.
The orc shouts!
An orc wizard comes into view. It is wielding a dagger.
The orc wizard shouts!
Maurice the Thief comes into view.
He is wielding a short sword.
Maurice shouts!
The orc warrior hits you with a glowing dire flail!!
You die...

#........ #.o)...oP..##.
#.#......
#....@........##.##.#.#.
#.....>.o..h#.%.......#>
#..o...o..#####.##.###.
#.........# ###.##.# #.
#.......# ##....#.###.
#.......# #......#....
#...@.# #.#....#.###.
####.o.###.............
#.###o## ##.#.#.######.
#.# #...........# #. #.#
###..##.#.#.######. #h#
#................ #W#
#.# #............ #..#
#.# #.........#.# #.#.#
#.# #.........#.#


You could see Maurice, a warg (wandering), an orc warrior, an orc priest, 3 orc
wizards and 2 orcs.

Vanquished Creatures
  Grinder (D:6)
  A hippogriff (D:7)
  A water moccasin (D:7)
  Duvessa (D:7)
  The ghost of TheDoctor the Ducker, an amateur SpGl of Okawaru (D:4)
  A black bear (D:7)
  3 ice beasts
  An orc warrior (D:3)
  3 ogres
  A centaur (D:5)
  The ghost of rozman the Magician, an amateur HEWz (D:3)
  3 bullfrogs
  Dowan (D:7)
  4 scorpions
  A killer bee (D:7)
  5 howler monkeys
  An electric eel (D:7)
  A bullfrog skeleton (D:7)
  2 orc priests (D:5)
  3 hounds
  A centaur skeleton (D:5)
  Terence (D:3)
  Natasha (thrice) (D:3)
  An iguana (D:4)
  3 orc wizards
  3 worker ants
  A hound skeleton (D:5)
  A howler monkey skeleton (D:5)
  2 worker ant zombies
  10 adders
  A gnoll (D:4)
  2 shadow imps (D:6)
  2 adder zombies (D:5)
  6 oozes
  An adder skeleton (D:7)
  5 worms
  2 dart slugs
  5 leopard geckos
  28 orcs
  2 bat zombies (D:7)
  4 giant cockroaches
  12 goblins
  3 hobgoblins
  4 jackals (D:2)
  10 kobolds
  4 quokkas
  9 bats
  8 frilled lizards
  A giant cockroach zombie (D:6)
  A leopard gecko skeleton (D:3)
  A quokka skeleton (D:5)
  A quokka zombie (D:7)
  5 rats
  2 rat zombies (D:7)
181 creatures vanquished.

Vanquished Creatures (others)
  A hornet (D:7)
  A rat (D:2)
  2 fungi (D:3)
4 creatures vanquished.

Grand Total: 185 creatures vanquished

Notes
Turn   | Place    | Note
-------+----------+-------------------------------------------
     0 | Abyss:1  | unrecovered the Ghoul Abyssal Knight began the quest for the Orb.
     0 | Abyss:1  | Reached XP level 1. HP: 19/19 MP: 1/1
    15 | D:1      | Escaped the Abyss
   106 | D:1      | Reached XP level 2. HP: 18/26 MP: 2/2
   648 | D:1      | Reached skill level 4 in Fighting
  1243 | D:2      | Reached XP level 3. HP: 16/33 MP: 3/3
  1436 | D:2      | Found a white marble altar of Elyvilon.
  1462 | D:2      | Reached ** piety under Lugonu
  1595 | D:2      | Reached XP level 4. HP: 41/41 MP: 4/4
  1599 | D:2      | Found a basalt altar of Yredelemnul.
  1932 | D:3      | Noticed rozman's ghost (amateur HEWz)
  1941 | D:3      | Killed rozman's ghost
  1941 | D:3      | Reached skill level 5 in Fighting
  1941 | D:3      | Reached XP level 5. HP: 25/48 MP: 4/6
  2229 | D:3      | Found a blossoming altar of Fedhas.
  2249 | D:3      | Noticed an oklob plant
  2302 | D:3      | Noticed an orc warrior
  2525 | D:3      | Killed an orc warrior
  2525 | D:3      | Reached XP level 6. HP: 12/55 MP: 7/7
  2705 | D:3      | Noticed Natasha
  2718 | D:3      | Killed Natasha
  2902 | D:3      | Noticed Natasha
  2921 | D:3      | Killed Natasha
  3139 | D:3      | Reached *** piety under Lugonu
  3257 | D:3      | Noticed Natasha
  3272 | D:3      | Killed Natasha
  3349 | D:3      | Noticed Terence
  3363 | D:3      | Killed Terence
  3543 | D:4      | Reached XP level 7. HP: 55/62 MP: 9/9
  3736 | D:4      | Reached skill level 6 in Fighting
  3763 | D:4      | Reached skill level 5 in Unarmed Combat
  3831 | D:4      | Noticed TheDoctor's ghost (amateur SpGl)
  4162 | D:4      | Killed TheDoctor's ghost
  4169 | D:4      | Reached skill level 5 in Invocations
  4561 | D:4      | Reached XP level 8. HP: 25/71 MP: 9/11
  4848 | D:5      | Entered Level 5 of the Dungeon
  4879 | D:5      | Reached skill level 7 in Fighting
  5554 | D:5      | Found Fuzim's Assorted Antiques.
  5557 | D:5      | Bought a scroll of identify for 52 gold pieces
  5557 | D:5      | Bought a scroll labeled FOUPUL UMIMO for 26 gold pieces
  5599 | D:5      | Reached **** piety under Lugonu
  6632 | D:6      | Reached skill level 8 in Fighting
  6742 | D:6      | Reached XP level 9. HP: 74/76 MP: 13/13
  6753 | D:6      | Noticed Grinder
  6762 | D:6      | Killed Grinder
  6796 | D:6      | Found a stormy altar of Qazlal.
  6869 | D:6      | Found a staircase to the Ecumenical Temple.
  6955 | D:6      | Found a burning altar of Makhleb.
  7264 | D:7      | Reached ***** piety under Lugonu
  7303 | D:7      | Noticed Duvessa
  7320 | D:7      | Killed Duvessa
  7575 | D:7      | Noticed Dowan
  7583 | D:7      | Killed Dowan
  7583 | D:7      | Reached skill level 9 in Fighting
  7600 | D:7      | Noticed a hornet
  7601 | D:7      | Banished a hornet
  7770 | D:7      | Found an ancient bone altar of Kikubaaqudgha.
  8297 | D:8      | Found a shimmering altar of Xom.
  8324 | D:8      | Noticed Nanomashoes's ghost (novice FoFi)
  8723 | D:8      | Found a staircase to the Lair.
  8723 | D:8      | Noticed Maurice
  8723 | D:8      | Mangled by an orc warrior

Skill      XL: |  1  2  3  4  5  6  7  8  9 |
---------------+----------------------------+-----
Armour         | 2 |  2.0
Fighting       | 4 5 6 8 9 |  9.4
Unarmed Combat | 3 4 5 7 8 |  8.6
Invocations    | 3 4 5 7 8 |  8.9
Dodging        | |  0.8

Action                   |  1- 3 |  4- 6 |  7- 9 || total
-------------------------+-------+-------+-------++-------
Melee: Unarmed           |    96 |   182 |   506 ||   784
       Punch             |       |     1 |     9 ||    10
Throw: Javelin           |       |       |     1 ||     1
Invok: Banish            |       |       |     1 ||     1
Evoke: Wand              |       |       |     2 ||     2
  Use: Scroll            |       |     8 |    12 ||    20
       Potion            |       |       |     4 ||     4
  Eat: Chunk             |     4 |    10 |    18 ||    32
       Royal jelly       |       |       |     1 ||     1
Armor: Leather armour    |    36 |    40 |       ||    76
       Chain mail        |       |    25 |   237 ||   262
Dodge: Dodged            |    61 |    89 |   153 ||   303
